 Dungeon Crawl Stone Soup version 0.30.1-11-g7821555f0a (webtiles) character file.

Game seed: 9280021188610233217

34 porpoise the Shooter (level 3, 0/31 HPs)
             Began as a Minotaur Hunter on Jan 12, 2024.
             Frozen to death by an endoplasm (3 damage)
             ... on level 1 of the Dungeon.
             The game lasted 00:02:27 (466 turns).

porpoise the Shooter (Minotaur Hunter)               Turns: 466, Time: 00:02:28

Health: 0/31       AC:  4    Str: 15    XL:     3   Next: 14%
Magic:  2/2        EV:  9    Int:  6    God:
Gold:   58         SH:  0    Dex: 15    Spells: 2/2 levels left

rFire   . . .        a - +0 shortbow
rCold   . . .        (shield currently unavailable)
rNeg    . . .        c - +0 leather armour
rPois   .            (helmet restricted)
rElec   .            d - +0 cloak
rCorr   .            (no gloves)
SInv    .            (no boots)
Will    .....        (no amulet)
Stlth   +            (no ring)
HPRegen 0.25/turn    (no ring)
MPRegen 0.08/turn

%: no passive effects
@: constricted
A: horns 2, retaliatory headbutt
a: no special abilities


You were on level 1 of the Dungeon.
You visited 1 branch of the dungeon, and saw 2 of its levels.

You collected 58 gold pieces.

Inventory:

Hand Weapons
 a - a +0 shortbow (weapon)
 f - a +0 short sword
Missiles
 h - 3 poisoned darts
Armour
 c - a +0 leather armour (worn)
 d - a +0 cloak (worn)
Scrolls
 b - a scroll of immolation
 e - 3 scrolls of identify {unknown}
 i - a scroll of noise {unknown}
Potions
 g - a potion of resistance {unknown}


   Skills:
 + Level 3.2 Fighting
 * Level 5.2 Ranged Weapons
 - Level 2.1 Dodging
 - Level 0.7 Stealth


You had 2 spell levels left.
You didn't know any spells.
Your spell library was empty.

Dungeon Overview and Level Annotations

Branches:
Dungeon (2/15)

Altars:


Innate Abilities, Weirdness & Mutations

You have a pair of horns on your head.
You reflexively headbutt those who attack you in melee.


Message History

A gnoll comes into view. It is wielding a +0 halberd.
You shoot an arrow. The gnoll shouts!
The arrow hits the gnoll!
The gnoll is severely wounded.
The bat closely misses you.
The gnoll hits you from afar with a +0 halberd!
The ball python bites you. The ball python closely misses you.
The bat barely misses you. You furiously retaliate!
You headbutt the bat.
You kill the bat!
The endoplasm hits you but does no damage.
The gnoll hits you from afar with a +0 halberd!
The ball python barely misses you. The ball python grabs you.
You stop ascending the stairs.
The ball python constricts you.
Unknown command.
You escape the ball python's grasp.
The endoplasm hits you but does no damage.
The gnoll hits you from afar with a +0 halberd.
* * * LOW HITPOINT WARNING * * *
The ball python closely misses you. The ball python grabs you.
You stop ascending the stairs.
The ball python constricts you.
* * * LOW HITPOINT WARNING * * *
Unknown command.
You escape the ball python's grasp.
The gnoll closely misses you. The endoplasm barely misses you.
You climb upwards.
There is a stone staircase leading down here.
You shoot an arrow.
The arrow closely misses the ball python.
The ball python bites you.
* * * LOW HITPOINT WARNING * * *
The ball python grabs you. The ball python constricts you.
The endoplasm hits you.
* * * LOW HITPOINT WARNING * * *
The ball python bites you but does no damage.
The ball python constricts you.
* * * LOW HITPOINT WARNING * * *
The endoplasm freezes you.
You are frozen.
You die...

#P....#.#~~~~P###.#.##
#PP...#.#~~~~P# #...#
##P...#.#~~~P## ##..#
.##P.P#.#~~P## #.##
..##PP#.#PP#######.#
#..####+####....#..#
...........+....#.###
#########.##....SJ#.# #
#....#....@##.# #
###....#.....##.#### ###
#......#...........#
#.###.#..).##....##.####
......#....##.##.##.#
#.........)##.##)##.#
...######...........#
...# #....)####### ...#
#.....#


You could see an endoplasm and a ball python.

Vanquished Creatures
  A dart slug (D:1)
  2 endoplasms (D:1)
  2 giant cockroaches (D:1)
  3 hobgoblins (D:1)
  A jackal (D:1)
  5 kobolds (D:1)
  A quokka (D:1)
  3 ball pythons (D:1)
  6 bats
  A frilled lizard (D:1)
  2 rats (D:1)
27 creatures vanquished.

Notes
Turn   | Place    | Note
-------+----------+-------------------------------------------
     0 | D:1      | porpoise the Minotaur Hunter began the quest for the Orb.
     0 | D:1      | Reached XP level 1. HP: 18/18 MP: 0/0
   101 | D:1      | Reached XP level 2. HP: 25/25 MP: 1/1
   191 | D:1      | Reached skill level 5 in Ranged Weapons
   328 | D:1      | Reached XP level 3. HP: 27/31 MP: 2/2
   466 | D:1      | Frozen to death by an endoplasm

Illustrated notes

Levels and vault maps discovered:
D:1:      psy_arrival_terrarium, layout_basic, minmay_pentomino_p4
D:2:      layout_loops_cross, corexii_shack, st_stairs_10,
          nicolae_concentric_dashed_squares_mild, uniq_crazy_yiuf_cottage

Skill      XL: |  1  2 |
---------------+-------+-----
Fighting       | 3 |  3.2
Ranged Weapons | 5 |  5.2
Dodging        | |  2.1
Stealth        | |  0.7

Action                     || total
---------------------------++-------
   Fire: Shortbow          ||    65
 Armour: Leather armour    ||    13
  Dodge: Dodged            ||    29
